 Dungeon Crawl Stone Soup version 0.32-a0-666-ge8a88695a4 (webtiles) character file.

Game seed: 1094753293311865293

1263 zewo the Conjurer (level 8, -8/61 HPs)
             Began as a Black Draconian Hedge Wizard on Mar 9, 2024.
             Was an Initiate of Vehumet.
             Shot with a sling bullet by Joseph (18 damage)
             ... on level 7 of the Dungeon.
             The game lasted 00:22:38 (7625 turns).

zewo the Conjurer (Black Draconian Hedge Wizard)    Turns: 7625, Time: 00:22:39

Health: -8/61      AC:  8    Str: 12    XL:     8   Next: 27%
Magic:  9/15       EV: 12    Int: 16    God:    Vehumet [......]
Gold:   425        SH:  0    Dex: 12    Spells: 8/17 levels left

rFire   . . .        s - +3 whip (pain)
rCold   . . .        (no shield)
rNeg    . . .        (body armour unavailable)
rPois   .            h - +0 hat
rElec   +            l - +1 cloak
rCorr   .            (no gloves)
SInv    .            (no boots)
Will    .....        f - amulet of the acrobat
Stlth   ++           i - ring of wizardry
HPRegen 0.30/turn    (no ring)
MPRegen 0.14/turn

%: acrobat, wizardry (x1)
@: no status effects
A: galvanic breath, AC +6, unfitting armour, electricity resistance,
cold-blooded
a: Galvanic Breath, Renounce Religion


You were on level 7 of the Dungeon.
You worshipped Vehumet.
Vehumet was noncommittal.
You visited 2 branches of the dungeon, and saw 8 of its levels.

You collected 425 gold pieces.

Inventory:

Hand Weapons
 a - a +0 dagger
 b - a +0 sling
 j - a +0 short sword
 m - a +3 whip
 s - a +3 whip of pain (weapon)
 w - a +0 heavy halberd
Missiles
 u - 11 poisoned darts
Armour
 h - a +0 hat (worn)
 l - a +1 cloak (worn)
Jewellery
 f - an amulet of the acrobat (around neck)
 i - a ring of wizardry (left hand)
 o - a ring of fire
Wands
 y - a wand of flame (23) {@v4}
 B - a wand of charming (7)
Scrolls
 d - a scroll of poison
 e - a scroll of immolation
 g - a scroll of vulnerability {unknown}
 n - a scroll of fear {!r}
 q - a scroll of teleportation {@r3 !r}
 r - a scroll of amnesia {unknown}
 t - 2 scrolls of noise
 v - a scroll of revelation {unknown}
 x - a scroll of enchant weapon
 C - a scroll of fog {!r}
Potions
 c - 2 potions of magic
 k - a potion of brilliance
 p - 2 potions of curing {@q1 !q}
 z - 2 potions of attraction
 A - 2 potions of enlightenment


   Skills:
 - Level 2.0 Fighting
 - Level 2.0 Short Blades
 - Level 1.7 Dodging
 - Level 2.5 Stealth
 + Level 5.0 Spellcasting
 + Level 5.9 Conjurations
 - Level 4.0 Summonings
 - Level 2.0 Translocations
 + Level 3.0 Fire Magic


You had 8 spell levels left.
You knew the following spells:

 Your Spells              Type           Power      Damage    Failure   Level
a - Magic Dart            Conj           92%        1d7       1%          1
b - Call Imp              Summ           32%        N/A       1%          2
c - Iskenderun's Mystic   Conj/Tloc      16%        2d5       12%         4
Y - Blink                 Tloc           20%        N/A       4%          2

Your spell library contained the following spells:

 Spells                   Type           Power      Damage    Failure   Level
 Slow                     Hex            16%        N/A       6%          1
 Cigotuvi's Dreadful Rot  Necr/Alch/Air  8%         N/A       9%          2
 Mercury Vapours          Alch/Air       8%         N/A       9%          2
 Mephitic Cloud           Conj/Alch/Air  10%        N/A       9%          3
 Fugue of the Fallen      Necr           4%         N/A       17%         3
 Ozocubu's Armour         Ice            4%         N/A       17%         3
 Tukima's Dance           Hex            4%         N/A       17%         3
 Manifold Assault         Tloc           10%        N/A       26%         4
 Fireball                 Conj/Fire      9%         3d6       26%         5
 Dimensional Bullseye     Hex/Tloc       3%         N/A       36%         4
 Vhi's Electric Charge    Tloc/Air       14%        N/A       36%         4
 Arcjolt                  Conj/Air       6%         1d16      43%         5


Dungeon Overview and Level Annotations

Branches:
Dungeon (7/15)             Temple (1/1) D:5

Altars:
Ashenzari
Cheibriados
Dithmenos
Elyvilon
Fedhas
Gozag
Hepliaklqana
Kikubaaqudgha
Makhleb
Nemelex Xobeh
Okawaru
Qazlal
Ru
Trog
Uskayaw
Vehumet
Wu Jian
Xom
Yredelemnul
Zin
The Shining One

Annotations:
D:4 exclusion: ogre, Menkaure
D:7 Joseph
Temple 2 transporters


Innate Abilities, Weirdness & Mutations

You can breathe arcing electricity.
Your glossy black scales are hard. (AC +6)
You cannot fit into any form of body armour.
You are resistant to electric shocks. (rElec)
You are cold-blooded and may be slowed by cold attacks.


Message History

There is a stone staircase leading up here.
Found a white marble altar of Elyvilon.
Joseph, a Mercenary comes into view.
He is wielding a +0 quarterstaff.
Joseph shouts!
Joseph unwields a +0 quarterstaff.
Joseph wields a +0 sling.
Joseph shoots a sling bullet.
The sling bullet closely misses you.
Joseph shoots a sling bullet.
The sling bullet completely misses you.
There is a stone staircase leading up here.
Casting: Magic Dart (safe; 1% risk of failure)
Confirm with . or Enter, or press ? or * to list all spells.
A tiny devil pulls itself out of the air.
Joseph shoots a sling bullet.
The sling bullet hits your cerulean imp!
Joseph shoots a sling bullet.
The sling bullet hits your cerulean imp.
Your cerulean imp dies!
Your cerulean imp disappears in a puff of smoke!
Casting: Call Imp (safe; 1% risk of failure)
Confirm with . or Enter, or press ? or * to list all spells.
A tiny devil pulls itself out of the air.
Joseph shoots a sling bullet.
The sling bullet hits you!
Casting: Call Imp (safe; 1% risk of failure)
Confirm with . or Enter, or press ? or * to list all spells.
Aiming: Magic Dart (safe; 1% risk of failure)
Press: ? - help, Shift-Dir - straight line, f - Joseph
Aim: Joseph, wielding a +0 sling and wearing a +0 leather armour (ally target, 100% to hit)
The magic dart hits Joseph but does no damage.
Joseph shoots a sling bullet.
The sling bullet hits you!
Casting: Magic Dart (safe; 1% risk of failure)
Confirm with . or Enter, or press ? or * to list all spells.
Aiming: Magic Dart (safe; 1% risk of failure)
Press: ? - help, Shift-Dir - straight line, f/p - Joseph
Aim: Joseph, wielding a +0 sling and wearing a +0 leather armour (ally target, 100% to hit)
The magic dart hits Joseph.
Joseph is lightly wounded.
Joseph shouts, "Intruder!"
Joseph shoots a sling bullet.
The sling bullet hits you!!
* * * LOW HITPOINT WARNING * * *
Joseph shoots a sling bullet.
The sling bullet hits you!!
You die...

♣......@
♣.....
♣♣...♣♣
♣♣....@♣♣
♣.......♣♣
♣...≈~≈...♣#
#..≈≈~≈≈...#
#..~~♣~~...#
....≈≈~≈≈5.@#
##...≈~≈....#
##.......#.#
##.....##.#
....## #.#
#### #.# #..
###


You could see Joseph (ally target) and a friendly cerulean imp (summoned).

Vanquished Creatures
  Prince Ribbit (D:6)
  An orc warrior (D:6)
  An ogre (D:5)
  A bullfrog (D:6)
  5 hounds
  An orc priest (D:4)
  An iguana (D:5)
  5 orc wizards
  3 gnolls (D:5)
  8 adders
  2 dart slugs
  A ribbon worm (D:2)
  17 orcs
  10 bats
  3 endoplasms
  A giant cockroach (D:2)
  4 goblins
  7 hobgoblins
  A jackal (D:3)
  7 kobolds
  6 quokkas
  8 ball pythons
  2 frilled lizards
  8 rats
104 creatures vanquished.

Vanquished Creatures (collateral kills)
  A black bear (D:6)
  An ogre (D:6)
  A scorpion (D:4)
  An orc priest (D:3)
  An iguana (D:4)
  An adder (D:5)
  2 orcs
  A goblin (D:3)
9 creatures vanquished.

Vanquished Creatures (others)
  A howler monkey (D:5)
1 creature vanquished.

Grand Total: 114 creatures vanquished

Notes
Turn   | Place    | Note
-------+----------+-------------------------------------------
     0 | D:1      | zewo the Draconian Hedge Wizard began the quest for the
                  | Orb.
     0 | D:1      | Reached XP level 1. HP: 14/14 MP: 4/4
   201 | D:1      | Reached XP level 2. HP: 20/20 MP: 6/6
  1034 | D:2      | Reached skill level 1 in Fighting
  1107 | D:2      | Reached skill level 1 in Short Blades
  1331 | D:2      | Reached XP level 3. HP: 28/28 MP: 7/7
  1792 | D:2      | Reached XP level 4. HP: 36/36 MP: 6/8
  2202 | D:2      | Learned a level 2 spell: Call Imp
  2606 | D:3      | Reached XP level 5. HP: 41/41 MP: 10/10
  2613 | D:3      | Found a faded altar of an unknown god.
  2629 | D:3      | Found a blossoming altar of Fedhas.
  3220 | D:4      | Noticed an ogre
  3576 | D:3      | Reached XP level 6. HP: 37/48 MP: 0/12
  4291 | D:4      | Noticed Menkaure
  4552 | D:5      | Entered Level 5 of the Dungeon
  5381 | D:5      | Found a sparkling altar of Nemelex Xobeh.
  5496 | D:5      | Your scales start taking on a glossy black colour.
  5496 | D:5      | Reached XP level 7. HP: 55/55 MP: 3/13
  5496 | D:5      | Gained mutation: You are resistant to electric shocks.
                  | (rElec) [Black Draconian growth]
  5779 | D:5      | Got the Reference Book on the Wind and Accelerants
  5883 | D:5      | Found a burning altar of Makhleb.
  6078 | D:5      | Found a staircase to the Ecumenical Temple.
  6127 | Temple   | Found a transporter.
  6127 | Temple   | Found a transporter.
  6127 | Temple   | Found a transporter.
  6127 | Temple   | Found a transporter.
  6127 | Temple   | Entered the Ecumenical Temple
  6147 | Temple   | Became a worshipper of Vehumet
  6367 | D:6      | Reached skill level 5 in Conjurations
  6651 | D:6      | Reached skill level 1 in Fire Magic
  6797 | D:6      | Learned a level 4 spell: Iskenderun's Mystic Blast
  7161 | D:6      | Reached XP level 8. HP: 61/61 MP: 2/15
  7281 | D:6      | Noticed Prince Ribbit
  7333 | D:6      | Killed Prince Ribbit
  7334 | D:6      | Reached skill level 5 in Spellcasting
  7606 | D:6      | Learned a level 2 spell: Blink
  7613 | D:7      | Found a white marble altar of Elyvilon.
  7614 | D:7      | Noticed Joseph
  7625 | D:7      | Shot with a sling bullet by Joseph

Illustrated notes

Levels and vault maps discovered:
D:1:      evilmike_arrival_hilbert_curve, layout_basic
D:2:      minmay_alternating_diamond, layout_basic, chequers_garden
D:3:      layout_loops_ring, nicolae_overflow_ecumenical_swirl,
          kennysheep_generic_room_13
D:4:      layout_basic, uniq_menkaure
D:5:      layout_cave_pods, mainiacjoe_overflow_brackets,
          makhleb_heckhound_becter, lemuel_temple_firewalk_b
D:6:      layout_loops_ring, uniq_prince_ribbit1
D:7:      layout_loops_ring, elyvilon_altar_3, enter_bailey_6, uniq_joseph,
          uniq_crazy_yiuf_cottage
Temple:   hellmonk_temple_divided_pantheon

Skill      XL: |  1  2  3  4  5  6  7  8 |
---------------+-------------------------+-----
Stealth        | 2 |  2.5
Fighting       | 1 2 |  2.0
Short Blades   | 1 2 |  2.0
Spellcasting   | 4 5 |  5.0
Conjurations   | 2 4 5 |  5.9
Summonings     | 2 4 |  4.0
Fire Magic     | 2 3 |  3.0
Translocations | 2 |  2.0
Dodging        | |  1.7

Action                     |  1- 3 |  4- 6 |  7- 9 || total
---------------------------+-------+-------+-------++-------
  Melee: Dagger            |    38 |       |       ||    38
         Tailslap          |    15 |    15 |       ||    30
         Short sword       |    97 |    24 |       ||   121
         Whip              |       |    78 |    28 ||   106
   Fire: Sling             |    29 |       |       ||    29
   Cast: Magic Dart        |    10 |   133 |    87 ||   230
         Call Imp          |       |    17 |    19 ||    36
Ability: Galvanic Breath   |       |       |     1 ||     1
  Evoke: Wand              |       |       |     2 ||     2
    Use: Scroll            |       |     7 |     6 ||    13
         Potion            |       |     1 |       ||     1
   Stab: Sleeping          |     5 |     4 |       ||     9
         Distracted        |       |     1 |       ||     1
 Armour: Skin              |   125 |    73 |    53 ||   251
  Dodge: Dodged            |   114 |    91 |    39 ||   244

Table legend: (Time is in decaauts)
 A = Elapsed time spent in this place.
 B = Non-inter-level travel time spent in this place.
 C = Inter-level travel time spent in this place.
 D = Time resting spent in this place.
 E = Time spent auto-exploring this place.
 F = Levels seen in this place.
 G = Mean time per level.
                   A        B        C        D        E       F      G
               +--------+--------+--------+--------+--------+-----+--------+
         Total |   7636 |   7234 |    402 |   2030 |   3648 |   8 |  954.5 |
       Dungeon |   7603 |   7212 |    391 |   2030 |   3648 |   7 | 1086.1 |
        Temple |     33 |     22 |     11 |      0 |      0 |   1 |   33.0 |
               +--------+--------+--------+--------+--------+-----+--------+

Top non-repeatable levels by time:
     D:4: 1529 daAuts
     D:5: 1472 daAuts
     D:6: 1254 daAuts
     D:2: 1192 daAuts
     D:3: 1096 daAuts
     D:1: 1039 daAuts
  Temple: 33 daAuts
     D:7: 17 daAuts
